 Dungeon Crawl Stone Soup version 0.27-a0-1065-ge809cff456 (webtiles) character file.

Game seed: 4043314912311475196

252 siradein the Slasher (level 5, 0/45 HPs)
             Began as a Minotaur Fighter on Apr 22, 2021.
             Slain by Sigmund
             ... wielding a +0 scythe
              (9 damage)
             ... on level 4 of the Dungeon.
             The game lasted 00:07:54 (3673 turns).

siradein the Slasher (Minotaur Fighter)             Turns: 3673, Time: 00:07:55

Health: 0/45       AC:  6    Str: 20    XL:     5   Next: 89%
Magic:  4/4        EV:  7    Int:  5    God:
Gold:   136        SH:  9    Dex: 11    Spells: 4/4 levels left

rFire    . . .     SeeInvis .   a - +0 long sword
rCold    . . .     Faith    .   c - +0 kite shield
rNeg     . . .     Spirit   .   b - +0 scale mail
rPois    .         Reflect  .   (helmet restricted)
rElec    .         Harm     .   (no cloak)
rCorr    .         Rampage  .   (no gloves)
Will     .....                  (no boots)
Stlth    ..........             (no amulet)
HPRegen  0.15/turn              (no ring)
MPRegen  0.09/turn              (no ring)

@: no status effects
A: horns 2, retaliatory headbutt
a: no special abilities


You were on level 4 of the Dungeon.
You visited 1 branch of the dungeon, and saw 4 of its levels.

You collected 136 gold pieces.

Inventory:

Hand Weapons
 a - a +0 long sword (weapon)
Missiles
 i - 11 boomerangs (quivered)
 j - 5 atropa-tipped darts
 q - 28 poisoned darts
Armour
 b - a +0 scale mail (worn)
 c - a +0 kite shield (worn)
Jewellery
 e - an amulet of regeneration
 n - an amulet of guardian spirit
Scrolls
 g - a scroll of teleportation {unknown}
 h - a scroll of amnesia {unknown}
 k - 2 scrolls of fog {unknown}
 m - a scroll of holy word {unknown}
 o - a scroll of enchant weapon {unknown}
 p - a scroll of blinking {unknown}
 s - a scroll of identify {unknown}
Potions
 d - a potion of might
 f - 2 potions of brilliance {unknown}
 l - a potion of curing {unknown}
 r - a potion of resistance {unknown}
 t - a potion of lignification {unknown}


   Skills:
 - Level 3.6 Fighting
 + Level 7.5 Long Blades
 - Level 3.6 Armour
 - Level 3.6 Shields


You had 4 spell levels left.
You didn't know any spells.
Your spell library contained the following spells:

 Spells                   Type           Power      Damage    Failure   Level
 Magic Dart               Conj           0%         1d3       100%        1
 Searing Ray              Conj           0%         3d3       100%        2
 Dazzling Flash           Conj/Hex       0%         N/A       100%        3
 Fulminant Prism          Conj/Hex       0%         3d6       100%        4
 Iskenderun's Mystic Bla  Conj/Tloc      0%         2d3       100%        4


Dungeon Overview and Level Annotations

Branches:
Dungeon (4/15)
 Temple: D:4-7

Altars:
Cheibriados
Nemelex Xobeh
Wu Jian

Shops:
D:2 (![

Annotations:
D:4 Grinder, Natasha, Sigmund


Innate Abilities, Weirdness & Mutations

You have a pair of horns on your head.
You reflexively headbutt those who attack you in melee.


Message History

Sigmund hits you with a +0 scythe.
You bump into the rock wall.
Sigmund screams, "You will never...
NEVER!!!"
Sigmund hits you with a +0 scythe.
You bump into the rock wall.
Sigmund barely misses you.
You bump into the rock wall.
Sigmund hits you but does no damage.
You bump into the rock wall.
Sigmund barely misses you.
You bump into the rock wall.
Sigmund hits you but does no damage.
You hit Sigmund.
Sigmund is lightly wounded.
Sigmund hits you with a +0 scythe. x2
A kobold comes into view. It is wielding a +0 whip.
The kobold shouts!
You hit Sigmund.
Sigmund is moderately wounded.
Sigmund screams, "Die, monster!"
Sigmund hits you with a +0 scythe.
You miss Sigmund.
Sigmund is moderately wounded.
Sigmund hits you with a +0 scythe.
You closely miss Sigmund. You headbutt Sigmund.
Sigmund is heavily wounded.
Sigmund hits you but does no damage. Sigmund hits you with a +0 scythe.
You bump into the rock wall.
Sigmund closely misses you.
You bump into the rock wall.
Sigmund hits you with a +0 scythe.
You bump into the rock wall.
You feel less confused. Sigmund closely misses you.
You hit Sigmund but do no damage.
Sigmund is heavily wounded.
Sigmund casts a spell at you. The puff of flame hits you!
* * * LOW HITPOINT WARNING * * *
You hit Sigmund but do no damage. Your headbutt misses Sigmund.
Sigmund is heavily wounded.
Sigmund casts a spell at himself.
Sigmund flickers and vanishes!
Deactivating autopickup; reactivate with Ctrl-A.
You hit something. Something hits you!
You die...

... #.# #.# #.# #.#
#K# #{######
#@.....# ######.#
###### #.....#
#....# #.#####
.....# #.# #.#..#
###.# #.#..# #...#
####.#..#######)###
.....#..#.......#


You could see a kobold.

Vanquished Creatures
  A bullfrog zombie (D:3)
  2 hounds
  A bullfrog skeleton (D:4)
  An iguana (D:4)
  5 adders
  2 worms
  3 orcs
  6 ball pythons
  3 endoplasms
  3 giant cockroaches
  7 hobgoblins
  2 jackals (D:2)
  A quokka (D:4)
  5 bats
  A frilled lizard (D:1)
  5 goblins
  4 kobolds
  4 rats
56 creatures vanquished.

Notes
Turn   | Place    | Note
-------+----------+-------------------------------------------
     0 | D:1      | siradein the Minotaur Fighter began the quest for the Orb.
     0 | D:1      | Reached XP level 1. HP: 19/19 MP: 0/0
   298 | D:1      | Reached skill level 3 in Long Blades
   433 | D:1      | Reached XP level 2. HP: 26/26 MP: 1/1
  1036 | D:2      | Found Ini Biqoifi's Distillery.
  1110 | D:2      | Reached skill level 4 in Long Blades
  1532 | D:2      | Reached XP level 3. HP: 27/31 MP: 2/2
  1695 | D:2      | Found Anoasoji's Armour Emporium.
  1722 | D:2      | Found Heax's Antique Weapon Shoppe.
  1781 | D:3      | Found an ornate altar of the Wu Jian Council.
  1815 | D:3      | Found a sparkling altar of Nemelex Xobeh.
  1943 | D:3      | Found a snail-covered altar of Cheibriados.
  1954 | D:3      | Reached skill level 5 in Long Blades
  1954 | D:3      | Reached XP level 4. HP: 27/39 MP: 3/3
  2515 | D:3      | Reached skill level 6 in Long Blades
  2525 | D:3      | Reached XP level 5. HP: 33/45 MP: 4/4
  2992 | D:4      | Reached skill level 7 in Long Blades
  3241 | D:4      | Noticed Grinder
  3260 | D:4      | Paralysed by Grinder for 4 turns
  3270 | D:4      | Paralysed by Grinder for 4 turns
  3518 | D:4      | Noticed an ogre
  3518 | D:4      | Noticed Natasha
  3646 | D:4      | Noticed Sigmund
  3673 | D:4      | Slain by Sigmund

Illustrated notes

Levels and vault maps discovered:
D:1:      denvon_arrival_planthouse, layout_loops_corners, minivault_27
D:2:      layout_loops_ring, serial_shops, nicolae_shop_statue_plus, shop, shop
D:3:      layout_loops_corners, pdpol_wu_jian_five_deadly_venoms,
          lemuel_tele_altar, old_standard_altar, minmay_diced_spiral
D:4:      layout_basic, lemuel_round_altar, minmay_temple_entry_trees,
          serial_shops, kennysheep_little_box, uniq_grinder, uniq_menkaure,
          uniq_eustachio, uniq_sigmund, uniq_natasha

Skill      XL: |  1  2  3  4  5 |
---------------+----------------+-----
Long Blades    | 3 4 5 6 7 |  7.5
Fighting       | |  3.6
Armour         | |  3.6
Shields        | |  3.6

Action                   |  1- 3 |  4- 6 || total
-------------------------+-------+-------++-------
Melee: Long sword        |    74 |    98 ||   172
       Headbutt          |    12 |    13 ||    25
Armor: Scale mail        |    25 |    35 ||    60
Dodge: Dodged            |    24 |    24 ||    48
Block: Kite shield       |    25 |    53 ||    78
       Rpst.: Long sword |     4 |     5 ||     9

Table legend: (Time is in decaauts)
 A = Elapsed time spent in this place.
 B = Non-inter-level travel time spent in this place.
 C = Inter-level travel time spent in this place.
 D = Time resting spent in this place.
 E = Time spent auto-exploring this place.
 F = Levels seen in this place.
 G = Mean time per level.
                   A        B        C        D        E       F      G
               +--------+--------+--------+--------+--------+-----+--------+
         Total |   3736 |   3670 |     66 |    180 |   2879 |   4 |  934.0 |
       Dungeon |   3736 |   3670 |     66 |    180 |   2879 |   4 |  934.0 |
               +--------+--------+--------+--------+--------+-----+--------+

Top non-repeatable levels by time:
     D:3: 1487 daAuts
     D:1: 1051 daAuts
     D:2: 740 daAuts
     D:4: 457 daAuts
